 Dungeon Crawl Stone Soup version 0.27.1-4-g1640c2035a (webtiles) character file.

Game seed: 12138524744696076092

123 pkoi the Ruffian (level 4, -5/44 HPs)
             Began as a Troll Monk on Nov 3, 2021.
             Killed from afar by an orc wizard (23 damage)
             ... with an iceblast
             ... on level 3 of the Dungeon.
             The game lasted 00:01:53 (1494 turns).

pkoi the Ruffian (Troll Monk)                       Turns: 1494, Time: 00:01:53

Health: -5/44      AC:  4    Str: 20    XL:     4   Next: 80%
Magic:  3/3        EV: 10    Int:  6    God:
Gold:   63         SH:  0    Dex: 12    Spells: 3/3 levels left

rFire    . . .     SeeInvis .     - Unarmed
rCold    . . .     Faith    .   (no shield)
rNeg     . . .     Spirit   .   a - +0 robe
rPois    .         Reflect  .   (helmet restricted)
rElec    .         Harm     .   (no cloak)
rCorr    .         Rampage  .   (gloves unavailable)
Will     .....                  (boots unavailable)
Stlth    ++........             (no amulet)
HPRegen  1.14/turn              c - ring of flight
MPRegen  0.08/turn              (no ring)

@: flying
A: large, unfitting armour, claws 3, regeneration 1, shaggy fur 1, tough skin 1
a: no special abilities


You were on level 3 of the Dungeon.
You visited 1 branch of the dungeon, and saw 3 of its levels.

You collected 63 gold pieces.

Inventory:

Armour
 a - a +0 robe (worn)
Jewellery
 c - a ring of flight (left claw)
Scrolls
 d - a scroll of magic mapping {unknown}
 f - 2 scrolls of identify {unknown}
 h - 3 scrolls of vulnerability {unknown}
 i - a scroll of enchant armour {unknown}
 j - 2 scrolls of teleportation {unknown}
 k - a scroll of amnesia {unknown}
Potions
 b - a potion of heal wounds {unknown}
 e - a potion of brilliance {unknown}
 g - a potion of lignification {unknown}
 l - a potion of curing {unknown}


   Skills:
 - Level 2.4 Fighting
 - Level 2.4 Dodging
 - Level 1.0 Stealth
 + Level 5.6 Unarmed Combat


You had 3 spell levels left.
You didn't know any spells.
Your spell library was empty.

Dungeon Overview and Level Annotations

Branches:
Dungeon (3/15)

Altars:
Yredelemnul


Innate Abilities, Weirdness & Mutations

You are too large for most types of armour.
You have claws for hands.
Your natural rate of healing is unusually fast.
You are covered in fur. (AC +1)
You have tough skin. (AC +1)


Message History

The orc wizard hits you but does no damage.
You closely miss the orc wizard.
The orc wizard is heavily wounded.
The orc hits you with a +0 dagger.
The orc wizard points at you and mumbles some strange words.
You are confused.
You are too confused!
You are too confused!
You are too confused!
You bump into the rock wall.
The orc hits you with a +0 dagger.
The orc wizard hits you but does no damage.
The orc zaps a wand.
The mass of ice explodes!
The iceblast engulfs you!
Items here: ( ) [ †.
You're too confused to move!
You're too confused to move!
The orc wizard hits you with a +0 dagger.
The orc hits you but does no damage.
You claw the orc wizard!
You kill the orc wizard!
The orc wizard points at you and mumbles some strange words.
You resist with some effort.
You're too confused to move!
The orc zaps a wand.
The mass of ice explodes!
The iceblast engulfs you!
* * * LOW HITPOINT WARNING * * *
The iceblast engulfs the orc!
The orc dies!
The iceblast engulfs something!
The orc wizard gestures at you while chanting.
The magic dart hits something!
Reactivating autopickup.
You feel less confused.
Things that are here:
a +0 falchion; a +0 ring mail The orc wizard casts a spell at you.
The puff of flame hits you!
* * * LOW HITPOINT WARNING * * *
The orc wizard zaps a wand.
The mass of ice explodes!
The iceblast engulfs you!!
Ouch! That really hurt!
You die...

..# #.###.## #>... ### #.#
### ....### #.# ...... # #.#
....# ## #.# ....# .## #.##
... ..## #..## ##.##
...####...###########)..#.##
...+............@..)o).....'.
...####...###########...#.##.
..## #....# ##...... .##
####.# .##.### ## #.# .# .# #
#.# .# # #.# .. #.# ### #.#


You could see an orc wizard.

Vanquished Creatures
  An orc wizard (D:3)
  3 adders (D:2)
  4 dart slugs
  2 orcs (D:3)
  7 ball pythons
  4 endoplasms
  9 goblins
  5 hobgoblins
  4 jackals (D:1)
  3 kobolds
  7 quokkas
  4 bats
  A frilled lizard (D:2)
  3 rats
57 creatures vanquished.

Vanquished Creatures (others)
  An orc wizard (D:3)
  An orc (D:3)
2 creatures vanquished.

Grand Total: 59 creatures vanquished

Notes
Turn   | Place    | Note
-------+----------+-------------------------------------------
     0 | D:1      | pkoi the Troll Monk began the quest for the Orb.
     0 | D:1      | Reached XP level 1. HP: 22/22 MP: 0/0
    89 | D:1      | Reached XP level 2. HP: 29/29 MP: 1/1
   305 | D:1      | Reached skill level 4 in Unarmed Combat
   415 | D:1      | Reached XP level 3. HP: 31/36 MP: 2/2
   462 | D:1      | Found a faded altar of an unknown god.
   751 | D:2      | Reached XP level 4. HP: 44/44 MP: 3/3
   758 | D:2      | Reached skill level 5 in Unarmed Combat
  1099 | D:3      | Found a basalt altar of Yredelemnul.
  1494 | D:3      | Killed from afar by an orc wizard

Illustrated notes

Levels and vault maps discovered:
D:1:      eino_arrival_water_star, layout_rooms,
          hellmonk_ecumenical_altar_blasted, nrook_campfire
D:2:      layout_basic
D:3:      layout_loops_corners, makhleb_altar_promises_db, lemuel_doored_altar

Skill      XL: |  1  2  3  4 |
---------------+-------------+-----
Unarmed Combat | 4 5 |  5.6
Fighting       | |  2.4
Dodging        | |  2.4
Stealth        | |  1.0

Action                   |  1- 3 |  4- 6 || total
-------------------------+-------+-------++-------
Melee: Unarmed           |    80 |    53 ||   133
       Punch             |     1 |       ||     1
 Stab: Sleeping          |     2 |       ||     2
       Distracted        |     1 |       ||     1
Armor: Robe              |    28 |    12 ||    40
Dodge: Dodged            |    63 |    31 ||    94
